 Dungeon Crawl Stone Soup version 0.27-a0-1555-g0e7b3fb1d2 (webtiles) character file.

Game seed: 5887413017961088663

110 SolCadguy the Chiller (level 4, 0/36 HPs)
             Began as a Naga Ice Elementalist on July 15, 2021.
             Slain by Grinder (3 damage)
             ... on level 3 of the Dungeon.
             The game lasted 00:08:31 (2073 turns).

SolCadguy the Chiller (Naga Ice Elementalist)       Turns: 2073, Time: 00:08:33

Health: 0/36       AC:  9    Str: 11    XL:     4   Next: 91%
Magic:  4/16       EV:  9    Int: 22    God:
Gold:   85         SH:  5    Dex: 11    Spells: 0/7 levels left

rFire    . . .     SeeInvis +   i - +0 spear
rCold    . . .     Faith    .   (no shield)
rNeg     . . .     Spirit   .   a - +0 robe
rPois    +         Reflect  +   (no helmet)
rElec    .         Harm     .   (no cloak)
rCorr    .         Rampage  .   (no gloves)
Will     .....                  (no barding)
Stlth    ++........             g - amulet of reflection
HPRegen  0.12/turn              m - +6 ring of intelligence
MPRegen  0.15/turn              l - ring of magical power

@: ice-armoured, freezing walls, very slow
A: AC +1, large, see invisible, deformed body, poison resistance, slowness 2,
spit poison 1, naga tail 1
a: Spit Poison


You were on level 3 of the Dungeon.
You visited 1 branch of the dungeon, and saw 3 of its levels.

You collected 85 gold pieces.

Inventory:

Hand Weapons
 d - a +0 short sword
 i - a +0 spear (weapon)
Missiles
 f - 2 poisoned darts (quivered)
Armour
 a - a +0 robe (worn)
Jewellery
 b - a ring of protection from fire
 g - an amulet of reflection (around neck)
 h - a ring of poison resistance
 l - a ring of magical power (right hand)
 m - a +6 ring of intelligence (left hand)
Scrolls
 k - a scroll of fog {unknown}
 o - a scroll of blinking {unknown}
Potions
 c - a potion of lignification {unknown}
 e - a potion of curing {unknown}
 j - a potion of haste {unknown}
 n - a potion of heal wounds {unknown}


   Skills:
 + Level 1.2 Polearms
 - Level 1.5 Dodging
 - Level 3.0 Stealth
 - Level 2.0 Spellcasting
 + Level 5.8 Ice Magic


You couldn't memorise any spells.
You knew the following spells:

 Your Spells              Type           Power      Damage    Failure   Level
a - Freeze                Ice            100%       1d11      1%          1
b - Frozen Ramparts       Ice            56%        1d7       3%          3
c - Ozocubu's Armour      Ice            28%        N/A       3%          3

Your spell library contained the following spells:

 Spells                   Type           Power      Damage    Failure   Level
 Magic Dart               Conj           8%         1d3       14%         1
 Call Imp                 Summ           2%         N/A       21%         2
 Mephitic Cloud           Conj/Pois/Air  2%         N/A       38%         3
 Hailstorm                Conj/Ice       15%        3d5       38%         4


Dungeon Overview and Level Annotations

Branches:
Dungeon (3/15)

Altars:
Hepliaklqana
Okawaru

Shops:
D:1 [

Annotations:
D:3 Grinder


Innate Abilities, Weirdness & Mutations

Your serpentine skin is tough. (AC +1)
You have supernaturally acute eyesight. (SInv)
Armour fits poorly on your strangely shaped body.
Your system is resistant to poisons. (rPois)
You cover ground very slowly.
You can spit poison.
You have a snake-like lower body.


Message History

Casting: Frozen Ramparts (dangerous; 3% risk of failure)
Confirm with . or Enter, or press ? or * to list all spells.
Casting: Frozen Ramparts (dangerous; 3% risk of failure)
Press: ? - help, Dir - look around, f - activate The walls around you are covered in ice.
Grinder completely resists.
The wall freezes Grinder but does no damage.
You block Grinder's attack.
You hit Grinder.
Grinder is heavily wounded.
Grinder resists.
The wall freezes Grinder.
Grinder hits you but does no damage.
You barely miss Grinder.
Grinder is heavily wounded.
Grinder resists.
The wall freezes Grinder.
You block Grinder's attack.
You closely miss Grinder.
Grinder is heavily wounded.
Grinder resists.
The wall freezes Grinder.
Grinder gestures at you. Pain shoots through your body!
You hit Grinder.
Grinder is heavily wounded.
Grinder completely resists.
The wall freezes Grinder but does no damage.
Grinder gestures at you. You resist with significant effort.
You hit Grinder.
Grinder is severely wounded.
Grinder completely resists.
The wall freezes Grinder but does no damage.
Grinder gestures at you. Pain shoots through your body!
* * * LOW HITPOINT WARNING * * *
You barely miss Grinder.
Grinder is severely wounded.
Grinder completely resists.
The wall freezes Grinder but does no damage.
Grinder hits you.
* * * LOW HITPOINT WARNING * * *
You writhe in agony.
You die...

### ...# ######## ...#
#......#########... #..#
#.####....@5..(..(##.# ##
.#.####.###############.....
..
#...#..........(..########.#
......#####.............##.#
.....### ######.######..#.#
### .......# #.# ##.#.####..
..##.#.# ##.# #####...##...#
..##.#.# #..###..........###
..##.#.# #......##....###...


You could see Grinder.

Vanquished Creatures
  A howler monkey (D:3)
  2 adders
  A worm (D:2)
  3 dart slugs
  4 bats
  6 endoplasms
  2 giant cockroaches (D:2)
  2 goblins
  8 hobgoblins
  2 quokkas (D:1)
  5 ball pythons
  3 frilled lizards
  2 kobolds
  3 rats
44 creatures vanquished.

Notes
Turn   | Place    | Note
-------+----------+-------------------------------------------
     0 | D:1      | SolCadguy the Naga Ice Elementalist began the quest for the
                  | Orb.
     0 | D:1      | Reached XP level 1. HP: 15/15 MP: 3/3
   120 | D:1      | Reached XP level 2. HP: 22/22 MP: 3/5
   560 | D:1      | Found Zonihit's Antique Armour Boutique.
   799 | D:2      | Reached XP level 3. HP: 28/28 MP: 6/6
   803 | D:2      | Learned a level 3 spell: Frozen Ramparts
   997 | D:2      | Reached skill level 5 in Ice Magic
  1575 | D:3      | Reached XP level 4. HP: 36/36 MP: 3/7
  1597 | D:3      | Learned a level 3 spell: Ozocubu's Armour
  1926 | D:3      | Found a hazy altar of Hepliaklqana.
  1976 | D:3      | Found an iron altar of Okawaru.
  2040 | D:3      | Noticed Grinder
  2041 | D:3      | Paralysed by Grinder for 6 turns
  2058 | D:3      | Paralysed by Grinder for 2 turns
  2067 | D:3      | Reached skill level 1 in Polearms
  2073 | D:3      | Slain by Grinder

Illustrated notes

Levels and vault maps discovered:
D:1:      lightli_arrival_lavapool, layout_loops_ring, serial_shops, shop,
          st_stairs_10
D:2:      layout_basic
D:3:      layout_rooms, nicolae_overflow_hidden_temple, okawaru_metal_pillars_3,
          uniq_grinder

Skill      XL: |  1  2  3  4 |
---------------+-------------+-----
Ice Magic      | 5 |  5.8
Polearms       | 1 |  1.2
Dodging        | |  1.5
Stealth        | |  3.0
Spellcasting   | |  2.0

Action                   |  1- 3 |  4- 6 || total
-------------------------+-------+-------++-------
Melee: Short sword       |     5 |       ||     5
       Spear             |    18 |    15 ||    33
Throw: Dart              |    13 |    16 ||    29
 Cast: Freeze            |    19 |     7 ||    26
       Frozen Ramparts   |     1 |     3 ||     4
       Ozocubu's Armour  |       |     1 ||     1
 Abil: Spit Poison       |    18 |    10 ||    28
 Stab: Sleeping          |     2 |       ||     2
       Distracted        |     1 |       ||     1
Armor: Robe              |     8 |     4 ||    12
Dodge: Dodged            |    10 |     2 ||    12
Block: Other             |     1 |     2 ||     3

Table legend: (Time is in decaauts)
 A = Elapsed time spent in this place.
 B = Non-inter-level travel time spent in this place.
 C = Inter-level travel time spent in this place.
 D = Time resting spent in this place.
 E = Time spent auto-exploring this place.
 F = Levels seen in this place.
 G = Mean time per level.
                   A        B        C        D        E       F      G
               +--------+--------+--------+--------+--------+-----+--------+
         Total |   2690 |   2641 |     49 |     94 |   2161 |   3 |  896.7 |
       Dungeon |   2690 |   2641 |     49 |     94 |   2161 |   3 |  896.7 |
               +--------+--------+--------+--------+--------+-----+--------+

Top non-repeatable levels by time:
     D:2: 1041 daAuts
     D:1: 1033 daAuts
     D:3: 614 daAuts
